 Dungeon Crawl Stone Soup version 0.26-a0-682-g294304f6e8 (console) character file.

Game seed: 11360317908860448232

1475 om the Magician (level 8, -12/57 HPs)
             Began as a Black Draconian Earth Elementalist on Oct 21, 2020.
             Killed by nerve-wracking pain
             ... invoked by an orc priest
              (13 damage)
             ... on level 5 of the Dungeon.
             The game lasted 00:12:34 (6724 turns).

om the Magician (DrEE)                              Turns: 6724, Time: 00:12:34

Health: -12/57     AC:  9    Str: 11    XL:     8   Next: 49%
Magic:  15/15      EV: 14    Int: 17    God:
Gold:   238        SH:  0    Dex: 12    Spells: 9/17 levels left

rFire    . . .     SeeInvis .   m - +0 dagger (venom)
rCold    . . .     Faith    .   (no shield)
rNeg     . . .     Spirit   .   (armour unavailable)
rPois    .         Reflect  .   (helmet restricted)
rElec    +         Harm     .   g - +2 cloak
rCorr    .         Rampage  .   (no gloves)
MR       .....                  (no boots)
Stlth    ++........             (no amulet)
HPRegen  0.19/turn              (no ring)
MPRegen  0.14/turn              (no ring)

@: short of breath
A: breathe lightning, unfitting armour, electricity resistance, cold-blooded, AC
+6
a: Breathe Lightning


You were on level 5 of the Dungeon.
You visited 1 branch of the dungeon, and saw 5 of its levels.

You collected 238 gold pieces.

Inventory:

Hand Weapons
 m - a +0 dagger of venom (weapon)
Missiles
 b - 54 stones (quivered)
Armour
 g - a +2 cloak (worn)
 u - a +0 buckler
Wands
 v - a wand of paralysis (3)
Scrolls
 a - 2 scrolls of amnesia {unknown}
 e - 2 scrolls of random uselessness {unknown}
 k - 4 scrolls of teleportation {unknown}
 r - 2 scrolls of enchant armour {unknown}
 s - 2 scrolls of remove curse {unknown}
 w - 2 scrolls of immolation {unknown}
 y - a scroll of identify
Potions
 c - a potion of berserk rage {unknown}
 d - 2 potions of ambrosia {unknown}
 f - 2 potions of haste {unknown}
 h - 2 potions of stabbing {unknown}
 j - a potion of lignification {unknown}
 l - 3 potions of curing {unknown}
 n - a potion of brilliance {unknown}
 o - 2 potions of might {unknown}
 p - 4 potions of flight
 q - a potion of cancellation {unknown}
 t - 2 potions of invisibility {unknown}
 x - a potion of resistance {unknown}


   Skills:
 + Level 5.1 Dodging
 - Level 2.0 Stealth
 * Level 5.0 Shields
 + Level 5.1 Spellcasting
 - Level 1.0 Transmutations
 - Level 5.0 Earth Magic


You had 9 spell levels left.
You knew the following spells:

 Your Spells              Type           Power        Failure   Level
a - Sandblast             Erth           ###...       1%          1
b - Stone Arrow           Conj/Erth      ##....       16%         3
c - Petrify               Tmut/Erth      ##......     36%         4

Your spell library contained the following spells:

 Spells                   Type           Power        Failure   Level
 Passwall                 Tmut/Erth      ##......     6%          2
 Lee's Rapid Deconstruct  Erth           ###.......   43%         5


Dungeon Overview and Level Annotations

Branches:
Dungeon (5/15)
 Temple: D:4-7

Altars:
Dithmenos
Gozag
Nemelex Xobeh
Uskayaw
Wu Jian
The Shining One

Shops:
D:4 [


Innate Abilities, Weirdness & Mutations

You can breathe wild blasts of lightning.
Your glossy black scales are hard. (AC +6)
You cannot fit into any form of body armour.
You are resistant to electric shocks. (rElec)
You are cold-blooded and may be slowed by cold attacks.


Message History

The orc priest is heavily wounded.
The orc priest hits you with a +0 club.
* * * LOW HITPOINT WARNING * * *
The bullfrog zombie barely misses you.
You hit the orc priest but do no damage.
The orc priest is heavily wounded.
The bullfrog zombie closely misses you. The orc priest misses you.
You barely miss the orc priest.
The orc priest is heavily wounded.
The bullfrog zombie hits you but does no damage.
The orc priest invokes the aid of Beogh against you.
Pain shoots through your body!
* * * LOW HITPOINT WARNING * * *
The orc barely misses you.
You hit the orc priest.
The orc priest looks even sicker.
Your tail-slap misses the orc priest.
The orc priest is severely wounded.
The orc closely misses you.
The orc priest mumbles some strange prayers to Beogh against you.
Pain shoots through your body!
You die...

#......####........#####
#...... #.†......# #
#.##### #.)......# # #
#)#.5....# # .
#.#oo....##### .. ######
#.oooZ)..+..##
...#....######.....##.##
#......+.............##
##.....######..........
#.....o..5)...........
##...@.oo.............
####...#..Z)...#########
.......#............#
.......#.......####.#
.......#.##+##.####.#
.........##.......#.#
#######.######.##.#.####
#...........##.#.#...
#.###.####..##.#.#)##
###+#.........##.#.#.#.
.........####.##.#.#.#.


You could see an orc priest (very poisoned), a white imp, 2 orcs and a bullfrog
zombie.

Vanquished Creatures
  Pikel (D:4)
  Sigmund (D:2)
  A black bear (D:4)
  A phantom (D:3)
  2 lemures (D:4)
  3 ogres
  A jelly (D:5)
  2 orc priests (D:4)
  3 orc wizards
  Terence (D:1)
  2 worker ants
  5 gnolls
  5 adders
  4 dart slugs
  4 leopard geckos
  19 orcs
  6 bats
  7 giant cockroaches
  6 goblins
  8 hobgoblins
  13 jackals
  9 kobolds
  2 quokkas
  2 ball pythons
  7 frilled lizards
  A leopard gecko skeleton (D:4)
  10 rats
126 creatures vanquished.

Notes
Turn   | Place    | Note
-------+----------+-------------------------------------------
     0 | D:1      | om the Draconian Earth Elementalist began the quest for the
                  | Orb.
     0 | D:1      | Reached XP level 1. HP: 14/14 MP: 3/3
   413 | D:1      | Reached XP level 2. HP: 15/20 MP: 5/5
  1200 | D:1      | Reached XP level 3. HP: 26/26 MP: 6/6
  1901 | D:2      | Noticed Terence
  2276 | D:1      | Killed Terence
  2276 | D:1      | Reached XP level 4. HP: 25/33 MP: 2/7
  2635 | D:2      | Noticed Sigmund
  2643 | D:2      | Killed Sigmund
  2643 | D:2      | Reached skill level 5 in Earth Magic
  2643 | D:2      | Reached XP level 5. HP: 22/38 MP: 3/9
  2951 | D:3      | Reached XP level 6. HP: 44/45 MP: 10/10
  3446 | D:3      | Found a shadowy altar of Dithmenos.
  3657 | D:3      | Found a glowing golden altar of the Shining One.
  3819 | D:3      | Found a hide-covered altar of Uskayaw.
  3819 | D:3      | Found a sparkling altar of Nemelex Xobeh.
  3820 | D:3      | Found an opulent altar of Gozag.
  3999 | D:3      | Learned a level 3 spell: Stone Arrow
  4004 | D:3      | Learned a level 4 spell: Petrify
  4625 | D:4      | Your scales start taking on a glossy black colour.
  4625 | D:4      | Reduced skill Earth Magic to level 5
  4625 | D:4      | Reached XP level 7. HP: 41/50 MP: 8/12
  4625 | D:4      | Gained mutation: You are resistant to electric shocks.
                  | (rElec) [Black Draconian growth]
  4770 | D:4      | Found an ornate altar of the Wu Jian Council.
  4838 | D:4      | Found Burudoo's Armour Boutique.
  4976 | D:4      | Reached skill level 1 in Shields
  5797 | D:5      | Entered Level 5 of the Dungeon
  5896 | D:5      | Noticed Pikel
  5915 | D:4      | Paralysed by Pikel for 3 turns
  5919 | D:4      | Killed Pikel
  5919 | D:4      | Reached XP level 8. HP: 28/57 MP: 10/15
  6249 | D:5      | Reached skill level 5 in Spellcasting
  6494 | D:5      | Reached skill level 5 in Dodging
  6718 | D:5      | Reached skill level 5 in Shields
  6721 | D:5      | HP: 1/57 [orc priest/nerve-wracking pain (12)]
  6724 | D:5      | Killed from afar by an orc priest

Illustrated notes

Levels and vault maps discovered:
D:1:      saegor_arrival_simple_d, layout_basic
D:2:      layout_rooms, uniq_sigmund, uniq_terence
D:3:      layout_basic, grunt_dithmenos_smoke_and_mirrors,
          gammafunk_temple_overflow_claw, nicolae_tso_carved_into_rock,
          kennysheep_generic_room_10
D:4:      layout_basic, kennysheep_mini_moat, serial_shops, shop
D:5:      layout_basic, mrwooster_statue_mirror, uniq_pikel

Skill      XL: |  1  2  3  4  5  6  7  8 |
---------------+-------------------------+-----
Stealth        | 2 |  2.0
Dodging        | 2 3 4 5 |  5.1
Earth Magic    | 4 5 5 |  5.0
Spellcasting   | 3 4 5 |  5.1
Shields        | 4 5 |  5.0
Transmutations | |  1.0

Action                   |  1- 3 |  4- 6 |  7- 9 || total
-------------------------+-------+-------+-------++-------
Melee: Dagger            |   142 |   178 |    96 ||   416
       Unarmed           |     4 |       |       ||     4
       Tailslap          |    12 |    22 |    13 ||    47
 Cast: Sandblast         |    22 |    26 |    14 ||    62
 Abil: Breathe Lightning |       |       |     7 ||     7
  Use: Scroll            |       |       |     3 ||     3
       Potion            |       |       |     1 ||     1
 Stab: Sleeping          |     4 |     2 |       ||     6
Armor: Skin              |    64 |    70 |    38 ||   172
Dodge: Dodged            |   109 |   122 |    95 ||   326

Table legend: (Time is in decaauts)
 A = Elapsed time spent in this place.
 B = Non-inter-level travel time spent in this place.
 C = Inter-level travel time spent in this place.
 D = Time resting spent in this place.
 E = Time spent auto-exploring this place.
 F = Levels seen in this place.
 G = Mean time per level.
                   A        B        C        D        E       F      G
               +--------+--------+--------+--------+--------+-----+--------+
         Total |   6729 |   6498 |    231 |   2241 |   3088 |   5 | 1345.8 |
       Dungeon |   6729 |   6498 |    231 |   2241 |   3088 |   5 | 1345.8 |
               +--------+--------+--------+--------+--------+-----+--------+

Top non-repeatable levels by time:
     D:1: 2238 daAuts
     D:3: 1771 daAuts
     D:4: 1337 daAuts
     D:2: 697 daAuts
     D:5: 683 daAuts
